 Dungeon Crawl Stone Soup version 0.21.1-1-g345015f (webtiles) character file.

949 gyp21 the Magician (level 7, -7/53 HPs)
             Began as a Mummy Fire Elementalist on Feb 7, 2018.
             Mangled by a skeletal warrior
             ... wielding a +0 mace
              (14 damage)
             ... on level 5 of the Dungeon.
             The game lasted 00:17:43 (5608 turns).

gyp21 the Magician (Mummy Fire Elementalist)        Turns: 5608, Time: 00:17:44

Health: -7/53      AC:  4    Str: 11    XL:     7   Next: 89%
Magic:  15/15      EV: 17    Int: 17    God:
Gold:   217        SH:  0    Dex: 12    Spells: 9/17 levels left

rFire    . . .     SeeInvis .   q - +4 Vampire's Tooth {vamp}
rCold    . . .     Gourm    .   (no shield)
rNeg     + + +     Faith    .   a - +0 robe
rPois    ∞         Spirit   .   (no helmet)
rElec    .         Reflect  .   o - scarf {cloud immunity}
rCorr    .         Harm     .   l - +0 pair of gloves
MR       .....                  h - +0 pair of boots (curse)
Stlth    ++........             d - amulet of magic regeneration
HPRegen  0.17/turn              f - ring of fire
MPRegen  0.39/turn              p - +4 ring of evasion

@: no status effects
A: no food or potions, fire vulnerability, cold resistance 1, negative energy
resistance 3, torment resistance, unbreathing
a: no special abilities


You were on level 5 of the Dungeon.
You were not hungry.

You visited 1 branch of the dungeon, and saw 6 of its levels.

You collected 217 gold pieces.

Inventory:

Hand Weapons
 g - a +1 dagger of protection
 k - a +0 morningstar
 q - the +4 Vampire's Tooth (weapon) {vamp}
   (You found it on level 4 of the Dungeon)

   It inflicts no extra harm, but heals its wielder when it wounds a living foe.
Armour
 a - a +0 robe (worn)
 h - a cursed +0 pair of boots (worn)
 l - a +0 pair of gloves (worn)
 o - a scarf of cloud immunity (worn)
Jewellery
 d - an amulet of magic regeneration (around neck)
 f - a ring of fire (left hand)
 p - a +4 ring of evasion (right hand)
Wands
 m - a wand of disintegration (10)
Scrolls
 c - 2 scrolls of enchant weapon {unknown}
 e - 7 scrolls of teleportation {unknown}
 i - 2 scrolls of remove curse {unknown}
 j - 3 scrolls of identify {unknown}
 n - a scroll of immolation {unknown}
 r - a scroll of noise {unknown}
Books
 b - a book of Flames

   Spells                             Type                      Level
   a - Flame Tongue                   Conjuration/Fire             1
   b - Throw Flame                    Conjuration/Fire             2
   c - Conjure Flame                  Conjuration/Fire             3
   d - Inner Flame                    Hexes/Fire                   3
   e - Sticky Flame                   Conjuration/Fire             4
   f - Fireball                       Conjuration/Fire             5


   Skills:
 + Level 3.7 Fighting
 + Level 3.6 Dodging
 - Level 1.5 Stealth
 + Level 5.5 Spellcasting
 + Level 3.3 Conjurations
 + Level 4.1 Fire Magic


You had 9 spell levels left.
You knew the following spells:

 Your Spells              Type           Power        Failure   Level  Hunger
a - Flame Tongue          Conj/Fire      ####.        3%          1    N/A
b - Conjure Flame         Conj/Fire      ####....     9%          3    N/A
c - Sticky Flame          Conj/Fire      ####....     28%         4    N/A

Dungeon Overview and Level Annotations

Branches:
Dungeon (6/15)
 Temple: D:4-7

Altars:
Wu Jian
Yredelemnul


Innate Abilities, Weirdness & Mutations

You do not eat or drink.
Your flesh is vulnerable to fire.
You are immune to poison.
Your flesh is cold resistant. (rC+)
You are immune to negative energy. (rN+++)
You are immune to unholy pain and torment.
You can survive without breathing.


Message History

You see here a whip.
There is a stone staircase leading down here.
You climb downwards. 2 skeletal warriors come into view.
Found a hand axe.
There is a stone staircase leading up here.
An orc and an orc warrior come into view.
Found a spear.
There is a stone staircase leading up here.
The skeletal warrior hits you from afar with a trident!!
The skeletal warrior hits you with a mace!!
* * * LOW HITPOINT WARNING * * *
The skeletal warrior hits you from afar with a trident.
* * * LOW HITPOINT WARNING * * *
You climb upwards.
There is a stone staircase leading down here.
Okay, then.
You see here a whip.
The skeletal warrior hits you with a mace!
You die...

##......### #.##
#..##.....####..# ###
.#####.....##..^# #.## ##
#.........## #..# ##.......##
##.# ##.......# #.# #........##
### #.# #.>..)....#######.##
#.# #....[....z@.......## #.##
######....#......######..###..#
.......########### ##..##..###
.....%## #..###..#. ##...(#
##.## ##... ###..# #..# ###.
#### #.## ## #.# ## #.# #.


You could see a skeletal warrior.

Vanquished Creatures
  Edmund (D:5)
  2 centaurs
  A gnoll sergeant (D:5)
  2 vampire bats (D:4)
  2 howler monkeys (D:4)
  3 jellies (D:5)
  A centaur skeleton (D:5)
  A hound (D:4)
  2 worker ants
  3 gnolls
  7 adders
  2 adder skeletons
  2 worms
  8 leopard geckos
  14 orcs
  2 ball pythons
  18 bats
  2 giant cockroaches (D:4)
  9 goblins
  13 hobgoblins
  8 jackals
  8 kobolds
  2 quokkas
  6 frilled lizards
  A jackal skeleton (D:4)
  2 quokka skeletons
  8 rats
130 creatures vanquished.

Notes
Turn   | Place    | Note
-------+----------+-------------------------------------------
     0 | D:1      | gyp21 the Mummy Fire Elementalist began the quest for the Orb.
     0 | D:1      | Reached XP level 1. HP: 13/13 MP: 4/4
    73 | D:1      | Reached skill level 1 in Conjurations
   102 | D:1      | Reached XP level 2. HP: 6/20 MP: 2/5
   434 | D:1      | Reached skill level 3 in Spellcasting
   824 | D:1      | Reached skill level 1 in Fighting
   826 | D:1      | Reached XP level 3. HP: 26/26 MP: 1/7
  1898 | D:2      | Found a basalt altar of Yredelemnul.
  1902 | D:2      | Reached XP level 4. HP: 32/32 MP: 7/9
  2010 | D:2      | Learned a level 3 spell: Conjure Flame
  2015 | D:2      | Learned a level 4 spell: Sticky Flame
  2120 | D:2      | Found a faded altar of an unknown god.
  2459 | D:3      | Found an ornate altar of the Wu Jian Council.
  2724 | D:3      | Noticed a centaur
  2730 | D:3      | Killed a centaur
  2730 | D:3      | Reached XP level 5. HP: 35/38 MP: 6/10
  2816 | D:3      | Reached skill level 4 in Spellcasting
  3722 | D:4      | Reached XP level 6. HP: 42/45 MP: 8/12
  4171 | D:4      | Found a glowing drain.
  4278 | D:4      | Found the +4 Vampire's Tooth {vamp}
  4324 | D:5      | Entered Level 5 of the Dungeon
  4517 | D:5      | Reached XP level 7. HP: 50/52 MP: 10/14
  4624 | D:5      | Reached skill level 5 in Spellcasting
  5229 | D:5      | Noticed Edmund
  5241 | D:5      | Killed Edmund
  5590 | D:6      | Noticed a skeletal warrior
  5590 | D:6      | Noticed a skeletal warrior
  5608 | D:5      | Mangled by a skeletal warrior

Skill      XL: |  1  2  3  4  5  6  7 |
---------------+----------------------+-----
Conjurations   | 1 2 3 |  3.3
Spellcasting   | 3 4 5 |  5.5
Fighting       | 1 2 3 |  3.7
Dodging        | 2 3 |  3.6
Fire Magic     | 3 4 |  4.1
Stealth        | |  1.5

Action                   |  1- 3 |  4- 6 |  7- 9 || total
-------------------------+-------+-------+-------++-------
Melee: Unarmed           |     1 |       |       ||     1
       Dagger            |       |    82 |    43 ||   125
 Cast: Flame Tongue      |    69 |   115 |       ||   184
       Sticky Flame      |       |     5 |     7 ||    12
       Conjure Flame     |       |     1 |       ||     1
 Stab: Sleeping          |       |     2 |     2 ||     4
Armor: Robe              |    14 |    40 |     5 ||    59
Dodge: Dodged            |    45 |   149 |    38 ||   232
